 Dungeon Crawl Stone Soup version 0.31-a0-596-g831eee08f1 (webtiles) character file.

Game seed: 7999062665726841132

18 wazuzu the Ruffian (level 2, 0/18 HPs)
             Began as an Octopode Shapeshifter on Aug 20, 2023.
             Frozen to death by an endoplasm (3 damage)
             ... on level 2 of the Dungeon.
             The game lasted 00:01:02 (1008 turns).

wazuzu the Ruffian (Octopode Shapeshifter)          Turns: 1008, Time: 00:01:03

Health: 0/18       AC:  1    Str: 14    XL:     2   Next: 66%
Magic:  2/2        EV: 13    Int: 10    God:
Gold:   133        SH:  0    Dex: 12    Spells: 1/1 levels left

rFire   . .          .
                       - Unarmed
rCold   . . .        (no shield)
rNeg    . . .        (helmet currently unavailable)
rPois   .            (no amulet)
rElec   .            (no ring)
rCorr   .            (no ring)
SInv    .            (no ring)
Will    .....        (no ring)
Stlth   ++           (no ring)
HPRegen 0.23/turn    (no ring)
MPRegen 0.08/turn    (no ring)
                     (no ring)

%: no passive effects
@: lethally poisoned (0 -> -1), beast-form
A: beast (slay +2), almost no armour, amphibious, 8 rings, camouflage 1,
gelatinous body 1, (nimble swimmer 1), tentacles
a: Begin Untransformation


You were on level 2 of the Dungeon.
You were a hulking beast.
You visited 1 branch of the dungeon, and saw 2 of its levels.

You collected 133 gold pieces.


Innate Abilities, Weirdness & Mutations

You are a hulking beast.
Your limbs bulge with bestial killing power. (Slay +2)
You cannot wear most types of armour.
You are amphibious.
You can wear up to eight rings at the same time.
Your skin changes colour to match your surroundings (Stealth+).
Your rubbery body absorbs attacks. (AC +1, EV +1)
((You are camouflaged when in or above water. (Stealth+)))
You have tentacles for arms and can constrict up to eight enemies at once.


   Skills:
 - Level 1.0 Fighting
 - Level 2.0 Dodging
 * Level 3.6 Unarmed Combat
 + Level 3.2 Shapeshifting


You had one spell level left.
You didn't know any spells.
Your spell library was empty.

Dungeon Overview and Level Annotations

Branches:
Dungeon (2/15)

Altars:

Inventory:

Missiles
 e - 8 stones
Talismans
 b - a beast talisman (active)
 c - a flux talisman
Scrolls
 d - 4 scrolls of identify {unknown}
 g - a scroll of poison {unknown}
 h - a scroll of fog {unknown}
 i - a scroll of teleportation {unknown}
Potions
 a - a potion of lignification
 f - a potion of curing {unknown}

#.......#
#......?#### ##
#.......... b#
........< ####
......# ...# .....#
...# #.J..# ##.#
####### #h...# #.##
#..P..# #....#
#..############.)..#
##..............####
################


You could see an endoplasm.


Message History

No target in view!
No target in view!
HP restored.
Found a mace.
Found a spear.
Found a stone staircase leading down.
You see here a +0 mace.
A bat comes into view.
You see here a +0 spear.
A bat is nearby!
Found 10 gold pieces.
The helpless bat fails to defend itself.
You tentacle-slap the bat. You squeeze the bat.
You kill the bat!
No target in view!
You now have 116 gold pieces (gained 10).
Found a stone staircase leading down.
A ball python comes into view.
There is a stone staircase leading down here.
A ball python is nearby!
The ball python hisses angrily.
The ball python misses you. The ball python grabs you.
The ball python constricts you.
You tentacle-slap the ball python.
You kill the ball python!
No target in view!
No target in view!
You see here a ball python corpse.
A frilled lizard comes into view.
Found 5 gold pieces.
The frilled lizard hisses angrily.
A frilled lizard is nearby!
The frilled lizard bites you.
You tentacle-slap the frilled lizard.
You kill the frilled lizard!
No target in view!
No target in view!
You now have 128 gold pieces (gained 12).
You now have 133 gold pieces (gained 5).
Found a rapier.
A ball python comes into view.
The ball python hisses angrily.
An endoplasm comes into view.
An adder comes into view.
There are monsters nearby!
You tentacle-slap the ball python.
You kill the ball python!
Found a scroll labelled KAUSEN ELOT.
Found a stone staircase leading up.
The adder bites you but does no damage. The endoplasm freezes you.
You are frozen.
The adder bites you.
* * * LOW HITPOINT WARNING * * *
You closely miss the adder. You grab the adder. You constrict the adder.
The endoplasm misses you. The adder bites you.
* * * LOW HITPOINT WARNING * * *
You are poisoned.
The adder poisons you!
You tentacle-slap the adder but do no damage.
The adder is lightly wounded.
You constrict the adder.
You feel sick. The adder barely misses you. The endoplasm misses you.
You tentacle-slap the adder.
The adder is severely wounded.
You constrict the adder.
You feel sick. The adder barely misses you.
The endoplasm hits you but does no damage.
You tentacle-slap the adder.
You kill the adder!
You feel sick. The endoplasm freezes you.
You are frozen.
You die...

Action                     || total
---------------------------++-------
  Melee: Unarmed           ||    28
         Constrict         ||     5
         Tentacles         ||     4
         Punch             ||     1
   Stab: Sleeping          ||     4
 Armour: Skin              ||     2
  Dodge: Dodged            ||    13

Levels and vault maps discovered:
D:1:      lightli_arrival_farm, layout_loops_ring,
          shapermc_ecumenical_altar_mp_highgroup
D:2:      layout_basic, serial_aquarium, aquarium_bridge_straight
          [aquarium_subvault_bridge, aquarium_subvault_window,
          aquarium_subvault_bridge, aquarium_subvault_wall],
          aquarium_bridge_square [aquarium_subvault_wall,
          aquarium_subvault_bridge, aquarium_subvault_bridge,
          aquarium_subvault_window], aquarium_window_2, aquarium_window_fake,
          aquarium_window_corner, aquarium_view_2e, aquarium_view_2c,
          aquarium_balcony_double_1, aquarium_pool_S, serial_shops, shop,
          basic_altar, kennysheep_jessica_study, uniq_robin

Notes
Turn   | Place    | Note
-------+----------+-------------------------------------------
     0 | D:1      | wazuzu the Octopode Shapeshifter began the quest for the
                  | Orb.
     0 | D:1      | Reached XP level 1. HP: 13/13 MP: 1/1
   259 | D:1      | Found a faded altar of an unknown god.
   365 | D:1      | Reached XP level 2. HP: 18/18 MP: 2/2
  1006 | D:2      | HP: 4/18 [poisoned by an adder]
  1008 | D:2      | Frozen to death by an endoplasm

Vanquished Creatures
  An adder (D:2)
  A bat (D:2)
  An endoplasm (D:1)
  2 giant cockroaches (D:1)
  A hobgoblin (D:1)
  2 kobolds (D:1)
  2 ball pythons (D:2)
  4 frilled lizards
  3 goblins (D:1)
  A rat (D:1)
18 creatures vanquished.
